details: 'howthehell'

« prev index next »

General information

Mini Map

Players

team 1
OrcSLK_R0X (purple | 77 APM | 1474 actions | 19:08)
Hero icon 4 Blademaster
Ability icon 2 Wind Walk
Ability icon 2 Critical Strike

» actions
Assign group hotkey31
Basic commands34
Build / train67
Enter build submenu24
Enter hero's abilities submenu4
Remove unit from queue1
Right click499
Select / deselect142
Select group hotkey565
Use ability107
1474 total
» units
Peon16
Demolisher12
28 total
» upgrades
Ranged Weapons3
Reinforced Defenses1
Burning Oil1
Armor2
7 total
» buildings
Altar of Storms1
Orc Burrow3
Voodoo Lounge2
War Mill1
Stronghold1
Watch Tower12
Barracks1
Fortress1
Great Hall1
23 total
» build order
00:03 Altar of Storms
00:10 Orc Burrow
01:25 Voodoo Lounge
01:32 War Mill
02:36 Stronghold
02:57 Watch Tower
03:02 Orc Burrow
04:25 Watch Tower
04:28 Barracks
05:10 Fortress
05:15 Watch Tower
05:28 Voodoo Lounge
05:46 Watch Tower
07:25 Orc Burrow
09:11 Watch Tower
09:12 Great Hall
09:13 Watch Tower
09:14 Watch Tower
14:13 Watch Tower
15:01 Watch Tower
15:06 Watch Tower
15:12 Watch Tower
15:13 Watch Tower
» items
Lesser Clarity Potion9
Healing Salve2
Boots of Speed1
Staff of Teleportation1
Orb of Lightning1
Scroll of Town Portal1
Tiny Great Hall1
16 total
OrcSLK_ROXY (teal | 108 APM | 2073 actions | 19:08)
Hero icon 5 Blademaster
Ability icon 3 Wind Walk
Ability icon 2 Critical Strike

» actions
Assign group hotkey46
Basic commands159
Build / train56
ESC pressed1
Enter build submenu24
Enter hero's abilities submenu5
Give item / drop item3
Remove unit from queue1
Right click921
Select / deselect208
Select group hotkey567
Use ability82
2073 total
» units
Peon13
Wind Rider4
17 total
» upgrades
Spiked Barricades3
Envenomed Spears1
Reinforced Defenses1
Armor2
Ranged Weapons2
9 total
» buildings
Altar of Storms1
Orc Burrow4
War Mill2
Voodoo Lounge2
Watch Tower15
Stronghold1
Barracks1
Fortress1
Beastiary2
29 total
» build order
00:08 Altar of Storms
00:21 Orc Burrow
00:38 War Mill
00:58 Voodoo Lounge
01:53 Watch Tower
02:34 Watch Tower
03:34 Stronghold
03:36 Watch Tower
04:12 Watch Tower
04:15 Barracks
05:11 Orc Burrow
05:14 Orc Burrow
05:31 Watch Tower
05:45 Watch Tower
06:16 Fortress
06:51 Watch Tower
07:49 Beastiary
07:55 Beastiary
08:28 Watch Tower
08:29 Watch Tower
08:31 Watch Tower
08:33 Watch Tower
10:50 War Mill
11:39 Orc Burrow
13:03 Voodoo Lounge
17:20 Watch Tower
17:21 Watch Tower
17:21 Watch Tower
17:22 Watch Tower
» items
Lesser Clarity Potion9
Healing Salve3
Boots of Speed1
Staff of Teleportation1
Orb of Lightning1
Potion of Healing3
18 total
team 2
Undeadclustercluck1 (orange | 150 APM | 2870 actions | 19:08)
Hero icon 4 Death Knight
Ability icon 2 Death Coil
Ability icon 2 Unholy Aura

» actions
Assign group hotkey26
Basic commands4
Build / train56
Enter build submenu17
Enter hero's abilities submenu4
Give item / drop item1
Remove unit from queue1
Right click1137
Select / deselect164
Select group hotkey1404
Use ability56
2870 total
» units
Acolyte7
Ghoul3
Crypt Fiend13
Obsidian Statue1
Meatwagon5
29 total
» upgrades
Creature Attack1
Exhume Corpses1
Unholy Strength2
Unholy Armor1
Web1
6 total
» buildings
Graveyard1
Crypt2
Altar of Darkness1
Ziggurat8
Tomb of Relics1
Nerubian Tower1
Halls of the Dead1
Slaughterhouse1
Sacrificial Pit1
Spirit Tower4
21 total
» build order
00:03 Graveyard
00:05 Crypt
00:30 Altar of Darkness
00:47 Ziggurat
01:25 Ziggurat
01:45 Tomb of Relics
01:53 Nerubian Tower
02:14 Crypt
04:10 Ziggurat
05:29 Ziggurat
06:07 Halls of the Dead
08:43 Slaughterhouse
09:01 Sacrificial Pit
10:12 Ziggurat
10:13 Ziggurat
12:22 Spirit Tower
14:34 Spirit Tower
14:55 Ziggurat
14:56 Ziggurat
17:25 Spirit Tower
17:46 Spirit Tower
» items
Rod of Necromancy5
Dust of Appearance3
Potion of Lesser Invulnerability1
9 total
NightElfwereshrew1 (green | 148 APM | 2829 actions | 19:08)
Hero icon 2 Priestess of the Moon
Ability icon 1 Scout
Ability icon 1 Trueshot Aura
Hero icon 1 Keeper of the Grove
Ability icon 1 Entangling Roots

» actions
Assign group hotkey10
Build / train87
Enter build submenu32
Enter hero's abilities submenu4
Remove unit from queue4
Right click1153
Select / deselect286
Select group hotkey1197
Use ability56
2829 total
» units
Wisp50
Huntress5
Archer14
69 total
» upgrades
Sentinel1
Nature's Blessing1
Improved Bows1
3 total
» buildings
Altar of Elders1
Moon Well11
Hunter's Hall1
Ancient of War2
Tree of Ages2
Tree of Life1
Tree of Eternity1
Ancient of Wind1
Ancient Protector8
28 total
» build order
00:01 Altar of Elders
00:08 Moon Well
01:10 Hunter's Hall
01:40 Ancient of War
02:24 Moon Well
02:29 Ancient of War
03:08 Moon Well
04:10 Moon Well
04:53 Moon Well
05:22 Moon Well
07:28 Moon Well
07:56 Moon Well
08:47 Moon Well
09:44 Moon Well
10:44 Tree of Ages
10:45 Tree of Ages
11:48 Moon Well
12:23 Tree of Life
13:05 Tree of Eternity
14:35 Ancient of Wind
15:01 Ancient Protector
15:17 Ancient Protector
15:39 Ancient Protector
15:40 Ancient Protector
15:40 Ancient Protector
15:41 Ancient Protector
15:42 Ancient Protector
15:43 Ancient Protector